 Dungeon Crawl Stone Soup version 0.30.0-29-ga12c61a403 (webtiles) character file.

Game seed: 8830716295480257447

62 Irreverend the Digger (level 4, -2/24 HPs)
             Began as a Gargoyle Earth Elementalist on June 4, 2023.
             Killed from afar by Sigmund (12 damage)
             ... with a puff of flame
             ... on level 3 of the Dungeon.
             The game lasted 00:02:51 (2276 turns).

Irreverend the Digger (Gargoyle Earth Elementalist) Turns: 2276, Time: 00:02:51

Health: -2/24      AC:  5    Str: 11    XL:     4   Next: 8%
Magic:  8/8        EV: 17    Int: 18    God:
Gold:   131        SH:  0    Dex: 10    Spells: 4/8 levels left

rFire   . . .        f - +0 dagger
rCold   . . .        (no shield)
rNeg    + . .        a - +0 robe
rPois   ∞            (no helmet)
rElec   +            (no cloak)
rCorr   .            (no gloves)
SInv    .            (no boots)
Will    .....        (no amulet)
Stlth   +            n - +5 ring of evasion
HPRegen 0.24/turn    (no ring)
MPRegen 0.11/turn

%: no passive effects
@: confused
A: sickness immunity, AC +3, negative energy resistance 1, electricity
resistance, torment resistance 1, petrification resistance
a: no special abilities


You were on level 3 of the Dungeon.
You visited 1 branch of the dungeon, and saw 3 of its levels.

You collected 131 gold pieces.

Inventory:

Hand Weapons
 f - a +0 dagger (weapon)
Armour
 a - a +0 robe (worn)
Jewellery
 n - a +5 ring of evasion (left hand)
Scrolls
 c - a scroll of enchant armour {unknown}
 d - a scroll of fog {unknown}
 e - 2 scrolls of poison {unknown}
 g - a scroll of blinking {unknown}
 h - a scroll of magic mapping {unknown}
 i - 3 scrolls of teleportation {unknown}
 j - a scroll of immolation {unknown}
 l - a scroll of enchant weapon {unknown}
 m - 2 scrolls of identify {unknown}
Potions
 b - 2 potions of magic
 k - a potion of flight {unknown}


   Skills:
 + Level 2.3 Dodging
 - Level 2.1 Stealth
 + Level 2.7 Spellcasting
 + Level 0.6 Conjurations
 - Level 0.7 Transmutations
 + Level 4.3 Earth Magic


You had 4 spell levels left.
You knew the following spells:

 Your Spells              Type           Power      Damage    Failure   Level
a - Sandblast             Erth           36%        2d10      2%          1
b - Stone Arrow           Conj/Erth      22%        3d8       19%         3

Your spell library contained the following spells:

 Spells                   Type           Power      Damage    Failure   Level
 Passwall                 Tmut/Erth      9%         N/A       9%          2
 Petrify                  Tmut/Erth      11%        N/A       52%         4


Dungeon Overview and Level Annotations

Branches:
Dungeon (3/15)

Altars:

Annotations:
D:3 Sigmund


Innate Abilities, Weirdness & Mutations

You are immune to sickness and miasma.
Your stone body is resilient. (AC +3)
You are immune to poison.
You resist negative energy. (rN+)
You are resistant to electric shocks. (rElec)
You are resistant to unholy torment.
You are immune to petrification.


Message History

Casting: Sandblast (safe; 2% risk of failure)
Confirm with . or Enter, or press ? or * to list all spells.
Aiming: Sandblast (safe; 2% risk of failure)
Press: ? - help, Shift-Dir - straight line, f - Sigmund
Aim: Sigmund, wielding a +0 scythe and wearing a +0 robe of fire resistance (80% to hit)
The blast of sand hits Sigmund.
Sigmund is lightly wounded.
Casting: Sandblast (safe; 2% risk of failure)
Confirm with . or Enter, or press ? or * to list all spells.
Aiming: Sandblast (safe; 2% risk of failure)
Press: ? - help, Shift-Dir - straight line, f/p - Sigmund
Aim: Sigmund, wielding a +0 scythe and wearing a +0 robe of fire resistance (lightly wounded, 80% to hit)
The blast of sand hits Sigmund!
Sigmund is heavily wounded.
Sigmund mumbles some strange words.
Sigmund flickers and vanishes!
Deactivating autopickup; reactivate with Ctrl-A.
A magic dart appears from out of thin air!
The magic dart hits you.
A puff of flame appears from out of thin air!
The puff of flame misses you.
You enter the shallow water.
Moving in this stuff is going to be slow.
A puff of flame appears from out of thin air!
The puff of flame hits you.
You hear some strange, mumbled words.
Something tries to affect you, but you resist.
Casting: Sandblast (safe; 2% risk of failure)
Confirm with . or Enter, or press ? or * to list all spells.
You can't see any susceptible monsters within range! (Use Z to cast anyway.)
A puff of flame appears from out of thin air!
The puff of flame hits you!
An orc comes into view. It is wielding a +0 club.
You hear some strange, mumbled words.
You are confused.
You're too confused to move!
A puff of flame appears from out of thin air!
The puff of flame hits you!
Ouch! That really hurt!
You die...

................## ##~~~~## #####
##.#####.####.##)###~~~~~~###....
#.# #.# #.##....~~........### #.#
#.. ..##...~~.........# #.#
#########..~....~~.....# #.#
#..~..~~..~....# #.#
##...~~....~....## #.#
##.....†.⌠~~......#
#..@....~~⌠.......#
#.#....~.)..~~....##
###.#...{~..~~..~.....
.....o....~~....~..##.
####..........~~......
#.........~~....##.
#...###~~~~~~###.# #...##
##~~~~## .... #.... ###### #.###


You could see an orc.

Vanquished Creatures
  An adder (D:3)
  3 worms
  3 dart slugs
  4 ball pythons
  2 endoplasms (D:1)
  4 giant cockroaches
  3 goblins
  2 hobgoblins
  2 jackals (D:2)
  2 quokkas
  4 bats
  3 frilled lizards
  2 kobolds
  2 rats (D:1)
37 creatures vanquished.

Notes
Turn   | Place    | Note
-------+----------+-------------------------------------------
     0 | D:1      | Irreverend the Gargoyle Earth Elementalist began the quest
                  | for the Orb.
     0 | D:1      | Reached XP level 1. HP: 10/10 MP: 3/3
   266 | D:1      | Found a faded altar of an unknown god.
   307 | D:1      | Reached XP level 2. HP: 13/15 MP: 0/5
   780 | D:1      | Reached skill level 4 in Earth Magic
  1286 | D:2      | Reached XP level 3. HP: 19/19 MP: 2/6
  1845 | D:2      | Learned a level 3 spell: Stone Arrow
  2209 | D:3      | Reached XP level 4. HP: 24/24 MP: 6/8
  2247 | D:3      | Noticed Sigmund
  2276 | D:3      | Killed from afar by Sigmund

Illustrated notes

Levels and vault maps discovered:
D:1:      dpeg_arrival_shrine, layout_loops_ring,
          hellmonk_ecumenical_altar_zigzags
D:2:      layout_loops_corners
D:3:      cheibrodos_helix_gallery, layout_loops_corners, bloody_makhleb,
          uniq_sigmund

Skill      XL: |  1  2 |
---------------+-------+-----
Earth Magic    | 4 |  4.3
Dodging        | 2 |  2.3
Stealth        | |  2.1
Spellcasting   | |  2.7
Conjurations   | |  0.6
Transmutations | |  0.7

Action                     |  1- 3 |  4- 6 || total
---------------------------+-------+-------++-------
   Cast: Sandblast         |    50 |     5 ||    55
 Armour: Robe              |     5 |       ||     5
  Dodge: Dodged            |     6 |     1 ||     7
